 Dungeon Crawl Stone Soup version 0.29-a0-477-g62b78b4225 (webtiles) character file.

Game seed: 14767444043977768254

30 fingers the Firebug (level 3, 0/26 HPs)
             Began as a Hill Orc Fire Elementalist on May 24, 2022.
             Succumbed to an adder's poison
             ... on level 2 of the Dungeon.
             The game lasted 00:05:36 (1614 turns).

fingers the Firebug (Hill Orc Fire Elementalist)    Turns: 1614, Time: 00:05:37

Health: 0/26       AC:  2    Str: 10    XL:     3   Next: 20%
Magic:  1/6        EV: 12    Int: 17    God:
Gold:   60         SH:  0    Dex: 11    Spells: 3/6 levels left

rFire   . . .      SeeInvis .   i - +0 whip
rCold   . . .      Faith    .   (no shield)
rNeg    . . .      Spirit   .   a - +0 robe
rPois   .          Reflect  .   (no helmet)
rElec   .          Harm     .   g - scarf {repulsion}
rCorr   .          Rampage  .   (no gloves)
Will    .....                   (no boots)
Stlth   ++........              e - amulet of the acrobat
HPRegen 0.08/turn               (no ring)
MPRegen 0.10/turn               (no ring)

@: lethally poisoned (0 -> -3), repel missiles
A: no striking features
a: no special abilities


You were on level 2 of the Dungeon.
You visited 1 branch of the dungeon, and saw 2 of its levels.

You collected 60 gold pieces.

Inventory:

Hand Weapons
 d - a +0 dagger
 i - a +0 whip (weapon)
Armour
 a - a +0 robe (worn)
 g - a scarf of repulsion (worn)
Jewellery
 e - an amulet of the acrobat (around neck)
Scrolls
 f - a scroll of identify {unknown}
Potions
 b - a potion of magic
 c - a potion of haste {unknown}
 h - a potion of cancellation {unknown}


   Skills:
 + Level 0.4 Short Blades
 + Level 1.7 Dodging
 + Level 1.9 Stealth
 + Level 2.2 Spellcasting
 + Level 1.0 Conjurations
 + Level 3.5 Fire Magic


You had 3 spell levels left.
You knew the following spells:

 Your Spells              Type           Power      Damage    Failure   Level
a - Foxfire               Conj/Fire      36%        2x1d5     8%          1
b - Scorch                Fire           26%        2d6       7%          2

Your spell library contained the following spells:

 Spells                   Type           Power      Damage    Failure   Level
 Conjure Flame            Conj/Fire      9%         6-21      22%         3
 Inner Flame              Hex/Fire       7%         N/A       28%         3
 Flame Wave               Conj/Fire      9%         2d5       58%         4


Dungeon Overview and Level Annotations

Branches:
Dungeon (2/15)

Altars:


Message History

The worm bites you.
You hit the worm.
The worm is almost dead.
The worm bites you!
You hit the worm but do no damage.
The worm is severely wounded.
Casting: Scorch (safe; 7% risk of failure)
Confirm with . or Enter, or press ? or * to list all spells.
Flames lash the worm.
You kill the worm!
The adder barely misses you.
Casting: Scorch (safe; 7% risk of failure)
Confirm with . or Enter, or press ? or * to list all spells.
Flames lash the adder.
The adder is heavily wounded.
The adder's fire resistance burns away.
The adder bites you.
You miss the adder.
The adder is heavily wounded.
The adder bites you.
* * * LOW HITPOINT WARNING * * *
You are lethally poisoned!
The adder poisons you! The adder bites you but does no damage.
Casting: Scorch (safe; 7% risk of failure)
Confirm with . or Enter, or press ? or * to list all spells.
You don't have enough magic to cast this spell.
* * * LOW HITPOINT WARNING * * *
You feel sick.
You hit the adder but do no damage.
The adder is heavily wounded.
* * * LOW HITPOINT WARNING * * *
You feel sick. The adder barely misses you.
You miss the adder.
The adder is heavily wounded.
* * * LOW HITPOINT WARNING * * *
You feel sick.
The adder is no longer more vulnerable to fire.
The adder bites you but does no damage. The adder barely misses you.
You barely miss the adder.
The adder is heavily wounded.
You die...

##.#
#.#####.#
.##.# #
#.....# .##.#
#.#.#########
..#.#
#...........#
###.#
##.########.#
....#
#......†.#(#
##### #.
#.#.# #.
#S#.# ..
#@#.# ##
#.#.# #...#
#####


You could see an adder.

Vanquished Creatures
  2 worms (D:2)
  A ball python (D:1)
  3 bats (D:1)
  3 giant cockroaches (D:1)
  2 goblins (D:1)
  A hobgoblin (D:1)
  4 jackals (D:1)
  3 frilled lizards (D:1)
  2 kobolds (D:2)
  A rat (D:1)
22 creatures vanquished.

Vanquished Creatures (others)
  25 foxfires
25 creatures vanquished.

Grand Total: 47 creatures vanquished

Notes
Turn   | Place    | Note
-------+----------+-------------------------------------------
     0 | D:1      | fingers the Hill Orc Fire Elementalist began the quest for
                  | the Orb.
     0 | D:1      | Reached XP level 1. HP: 14/14 MP: 3/3
   265 | D:1      | Reached XP level 2. HP: 13/20 MP: 1/4
   923 | D:1      | Learned a level 2 spell: Scorch
  1038 | D:2      | Reached XP level 3. HP: 9/26 MP: 2/6
  1613 | D:2      | HP: 1/26 [poisoned by an adder]
  1614 | D:2      | Succumbed to an adder's poison

Illustrated notes

Levels and vault maps discovered:
D:1:      enne_arrival_octagon_isle, layout_basic, st_stairs_3
D:2:      layout_basic, basic_ecumenical_altar, uniq_terence

Skill      XL: |  1  2 |
---------------+-------+-----
Spellcasting   | 2 |  2.2
Short Blades   | |  0.4
Dodging        | |  1.7
Stealth        | |  1.9
Conjurations   | |  1.0
Fire Magic     | |  3.5

Action                   || total
-------------------------++-------
Melee: Unarmed           ||    25
       Dagger            ||    57
       Whip              ||    13
       Punch             ||     1
 Cast: Foxfire           ||    20
       Scorch            ||     5
Armor: Robe              ||    30
Dodge: Dodged            ||    99

Table legend: (Time is in decaauts)
 A = Elapsed time spent in this place.
 B = Non-inter-level travel time spent in this place.
 C = Inter-level travel time spent in this place.
 D = Time resting spent in this place.
 E = Time spent auto-exploring this place.
 F = Levels seen in this place.
 G = Mean time per level.
                   A        B        C        D        E       F      G
               +--------+--------+--------+--------+--------+-----+--------+
         Total |   1613 |   1609 |      4 |    918 |      0 |   2 |  806.5 |
       Dungeon |   1613 |   1609 |      4 |    918 |      0 |   2 |  806.5 |
               +--------+--------+--------+--------+--------+-----+--------+

Top non-repeatable levels by time:
     D:1: 959 daAuts
     D:2: 654 daAuts
